[ AOE2 MATCH · #507051238 ]
UnrankedBohemians vs Khmer
Player's team · WIN
Rival team · LOSS
[ REPLAY ANALYSIS · EXTRACTED FROM THE RECORDED GAME ]
Feudal
10:30
Castle
21:20
Imperial
36:10
| APM avg | 59.9 |
| APM peak | 128 |
| eAPM avg | 45.8 |
| Villagers / military | 175 / 584 |
Focus
⚔️ 44.4% · 🌾 55.6%
Spearman ×498 · Bombard Cannon ×33 · Hand Cannoneer ×31 · Monk ×13 · Hussite Wagon ×8 · Mangonel ×1
Feudal
7:57
Castle
25:58
Imperial
40:21
| APM avg | 36.4 |
| APM peak | 84 |
| eAPM avg | 20.7 |
| Villagers / military | 172 / 654 |
Focus
⚔️ 44.2% · 🌾 55.8%
Scout Cavalry ×382 · Militia ×167 · Scorpion ×93 · Trebuchet (Packed) ×7 · Mangonel ×4 · Monk ×1
Match map
Initial resources + every placement click. Lines = walls · curves = elevation contours. ◆ gold · ⬟ stone · ● berries · ✦ relic · ◌ wall gap
Your base· ✓ Closed at 21:20 · 5t walls · 4 gate(s)
tekinbey's base· ✓ Closed at 25:58 · 10t walls · 5 gate(s)
Smoothed initial terrain · ◌ = detected wall gap · hover for details
Inputs per minute
— ReginLeif - - tekinbey
Build order — ReginLeif
First 150 of 724 actions detected
| 0:00 | Queue | Villager (Male) |
| 0:00 | Queue | Villager (Male) |
| 0:01 | Build | House |
| 0:02 | Build | House |
| 0:18 | Queue | Villager (Male) |
| 0:27 | Queue | Villager (Male) |
| 1:25 | Queue | Villager (Male) |
| 1:51 | Build | Lumber Camp |
| 2:03 | Queue | Villager (Male) |
| 2:26 | Queue | Villager (Male) |
| 2:27 | Queue | Villager (Male) |
| 2:51 | Queue | Villager (Male) |
| 3:14 | Queue | Villager (Male) |
| 3:14 | Queue | Villager (Male) |
| 3:28 | Queue | Villager (Male) |
| 3:28 | Queue | Villager (Male) |
| 3:41 | Queue | Villager (Male) |
| 3:48 | Build | House |
| 3:49 | Build | House |
| 3:55 | Queue | Villager (Male) |
| 3:56 | Queue | Villager (Male) |
| 4:58 | Queue | Villager (Male) |
| 5:03 | Build | Mill |
| 5:19 | Queue | Villager (Male) |
| 5:19 | Queue | Villager (Male) |
| 5:35 | Queue | Villager (Male) |
| 5:59 | Queue | Villager (Male) |
| 6:11 | Queue | Villager (Male) |
| 6:35 | Queue | Villager (Male) |
| 6:38 | Build | Farm |
| 6:58 | Queue | Villager (Male) |
| 7:00 | Build | Farm |
| 7:19 | Build | Farm |
| 7:49 | Research | Loom |
| 7:57 | Queue | Villager (Male) |
| 8:02 | Research | Feudal Age |
| 8:02 | Research | Feudal Age |
| 8:23 | Build | Mining Camp |
| 8:35 | Build | House |
| 8:41 | Build | House |
| 9:51 | Queue | Villager (Male) |
| 9:55 | Build | House |
| 10:30 | Age | Feudal Age |
| 10:32 | Build | Watch Tower |
| 10:38 | Build | Blacksmith |
| 10:43 | Research | Double-Bit Axe |
| 10:44 | Research | Double-Bit Axe |
| 10:45 | Research | Horse Collar |
| 10:45 | Research | Horse Collar |
| 10:57 | Queue | Villager (Male) |
| 11:00 | Queue | Villager (Male) |
| 11:01 | Queue | Villager (Male) |
| 11:01 | Queue | Villager (Male) |
| 11:21 | Research | Fletching |
| 11:34 | Build | House |
| 11:36 | Build | House |
| 11:38 | Build | Watch Tower |
| 11:49 | Queue | Villager (Male) |
| 11:54 | Queue | Villager (Male) |
| 11:55 | Queue | Villager (Male) |
| 12:22 | Build | Stone Wall |
| 13:11 | Queue | Villager (Male) |
| 13:12 | Build | House |
| 13:13 | Build | House |
| 13:28 | Research | Town Watch |
| 13:31 | Build | Farm |
| 13:32 | Build | Farm |
| 13:33 | Build | Farm |
| 13:33 | Build | Farm |
| 13:35 | Build | Market |
| 13:38 | Build | House |
| 13:54 | Queue | Villager (Male) |
| 14:04 | Queue | Villager (Male) |
| 14:19 | Queue | Villager (Male) |
| 14:26 | Build | Farm |
| 14:28 | Build | Farm |
| 14:29 | Build | Farm |
| 14:31 | Build | Farm |
| 14:31 | Queue | Villager (Male) |
| 14:55 | Build | Farm |
| 15:03 | Build | Watch Tower |
| 15:16 | Build | Watch Tower |
| 15:22 | Queue | Villager (Male) |
| 15:24 | Queue | Villager (Male) |
| 15:30 | Queue | Villager (Male) |
| 15:39 | Build | Farm |
| 15:52 | Build | House |
| 15:52 | Build | House |
| 15:59 | Build | House |
| 16:09 | Build | Farm |
| 16:21 | Queue | Villager (Male) |
| 16:27 | Build | House |
| 16:35 | Build | House |
| 16:36 | Build | House |
| 17:01 | Build | House |
| 17:03 | Queue | Villager (Male) |
| 17:17 | Build | Farm |
| 17:21 | Build | Mining Camp |
| 17:26 | Build | Farm |
| 17:29 | Build | House |
| 17:38 | Build | Farm |
| 17:38 | Queue | Villager (Male) |
| 17:52 | Build | Palisade Gate |
| 17:54 | Build | Palisade Wall |
| 17:55 | Build | Palisade Wall |
| 17:56 | Build | Palisade Wall |
| 18:10 | Build | Palisade Gate |
| 18:15 | Queue | Villager (Male) |
| 18:38 | Research | Castle Age |
| 19:23 | Queue | Villager (Male) |
| 19:44 | Queue | Villager (Male) |
| 21:20 | Age | Castle Age |
| 21:22 | Build | Castle |
| 21:37 | Build | Stone Wall |
| 21:38 | Build | Stone Wall |
| 21:59 | Queue | Villager (Male) |
| 22:01 | Build | Monastery |
| 22:14 | Queue | Villager (Male) |
| 22:31 | Build | Siege Workshop |
| 22:40 | Build | Siege Workshop |
| 22:46 | Queue | Hussite Wagon |
| 22:49 | Queue | Villager (Male) |
| 22:53 | Build | Farm |
| 22:58 | Queue | Monk |
| 22:59 | Queue | Monk |
| 23:00 | Queue | Hussite Wagon |
| 23:10 | Build | Farm |
| 23:13 | Research | Bow Saw |
| 23:14 | Research | Heavy Plow |
| 23:21 | Queue | Hussite Wagon |
| 23:23 | Queue | Villager (Male) |
| 23:24 | Queue | Villager (Male) |
| 23:26 | Build | Farm |
| 23:38 | Build | Farm |
| 24:07 | Queue | Villager (Male) |
| 24:07 | Queue | Villager (Male) |
| 24:07 | Queue | Villager (Male) |
| 24:07 | Queue | Villager (Male) |
| 24:08 | Queue | Monk |
| 24:12 | Queue | Mangonel |
| 24:14 | Queue | Monk |
| 24:15 | Queue | Villager (Male) |
| 24:33 | Queue | Villager (Male) |
| 24:48 | Queue | Villager (Male) |
| 24:49 | Queue | Villager (Male) |
| 24:58 | Queue | Monk |
| 24:59 | Queue | Villager (Male) |
| 24:59 | Queue | Villager (Male) |
| 25:08 | Build | Town Center |
| 25:38 | Queue | Villager (Male) |
Build order — tekinbey
First 150 of 661 actions detected
| 0:01 | Queue | Villager (Male) |
| 0:01 | Queue | Villager (Male) |
| 0:02 | Build | House |
| 0:04 | Build | House |
| 0:21 | Queue | Villager (Male) |
| 0:37 | Queue | Villager (Male) |
| 1:36 | Queue | Villager (Male) |
| 1:59 | Build | Palisade Gate |
| 2:02 | Build | Palisade Gate |
| 2:03 | Build | Palisade Wall |
| 2:07 | Build | Palisade Gate |
| 2:14 | Queue | Villager (Male) |
| 2:32 | Queue | Villager (Male) |
| 2:32 | Queue | Villager (Male) |
| 2:33 | Queue | Villager (Male) |
| 2:34 | Queue | Villager (Male) |
| 3:23 | Queue | Villager (Male) |
| 3:23 | Queue | Villager (Male) |
| 3:24 | Queue | Villager (Male) |
| 3:43 | Build | House |
| 4:44 | Queue | Villager (Male) |
| 5:17 | Queue | Villager (Male) |
| 5:17 | Queue | Villager (Male) |
| 5:47 | Research | Feudal Age |
| 6:21 | Build | Mining Camp |
| 6:25 | Research | Loom |
| 6:44 | Queue | Villager (Male) |
| 7:57 | Age | Feudal Age |
| 8:12 | Queue | Villager (Male) |
| 8:28 | Build | Watch Tower |
| 8:47 | Build | Lumber Camp |
| 9:22 | Queue | Villager (Male) |
| 9:25 | Queue | Villager (Male) |
| 9:55 | Build | House |
| 10:09 | Queue | Villager (Male) |
| 10:44 | Queue | Villager (Male) |
| 11:06 | Queue | Villager (Male) |
| 11:37 | Build | House |
| 11:39 | Build | Palisade Wall |
| 12:01 | Build | Watch Tower |
| 12:03 | Build | Palisade Wall |
| 12:04 | Build | Palisade Wall |
| 12:12 | Build | Watch Tower |
| 12:18 | Queue | Villager (Male) |
| 12:18 | Queue | Villager (Male) |
| 12:24 | Build | Mill |
| 12:34 | Build | Palisade Wall |
| 12:36 | Build | Palisade Wall |
| 12:38 | Build | Palisade Wall |
| 12:40 | Build | Palisade Wall |
| 12:42 | Build | Palisade Wall |
| 12:43 | Build | Palisade Wall |
| 12:53 | Queue | Villager (Male) |
| 13:11 | Build | Watch Tower |
| 13:12 | Queue | Villager (Male) |
| 13:16 | Build | House |
| 13:17 | Build | House |
| 13:18 | Build | House |
| 13:20 | Research | Horse Collar |
| 13:23 | Research | Double-Bit Axe |
| 13:23 | Research | Double-Bit Axe |
| 13:48 | Queue | Villager (Male) |
| 13:54 | Research | Horse Collar |
| 14:09 | Build | Watch Tower |
| 14:12 | Build | Farm |
| 14:13 | Build | Farm |
| 14:13 | Build | Farm |
| 14:13 | Build | Farm |
| 14:31 | Build | Farm |
| 14:45 | Queue | Villager (Male) |
| 15:02 | Build | Watch Tower |
| 15:20 | Queue | Villager (Male) |
| 15:31 | Queue | Villager (Male) |
| 15:38 | Build | Stable |
| 16:02 | Queue | Villager (Male) |
| 16:17 | Build | Farm |
| 16:18 | Build | Farm |
| 16:19 | Build | Farm |
| 16:27 | Queue | Scout Cavalry |
| 16:53 | Queue | Villager (Male) |
| 17:03 | Build | Blacksmith |
| 17:11 | Build | House |
| 17:23 | Queue | Scout Cavalry |
| 17:25 | Queue | Villager (Male) |
| 17:29 | Build | Farm |
| 17:46 | Queue | Villager (Male) |
| 17:57 | Queue | Scout Cavalry |
| 18:13 | Queue | Villager (Male) |
| 18:17 | Research | Fletching |
| 18:26 | Build | Lumber Camp |
| 18:42 | Queue | Villager (Male) |
| 18:51 | Queue | Villager (Male) |
| 19:10 | Build | Lumber Camp |
| 19:25 | Build | House |
| 19:26 | Build | House |
| 19:27 | Build | House |
| 19:27 | Build | House |
| 19:28 | Queue | Villager (Male) |
| 19:40 | Build | Farm |
| 19:41 | Build | Farm |
| 19:42 | Build | Farm |
| 19:44 | Queue | Villager (Male) |
| 20:08 | Build | House |
| 20:22 | Research | Wheelbarrow |
| 21:56 | Queue | Villager (Male) |
| 22:01 | Build | Market |
| 22:13 | Build | Watch Tower |
| 22:24 | Build | Watch Tower |
| 22:27 | Queue | Villager (Male) |
| 22:44 | Build | Mining Camp |
| 22:49 | Build | Farm |
| 22:59 | Build | Farm |
| 23:18 | Research | Castle Age |
| 23:19 | Research | Castle Age |
| 23:26 | Research | Gold Mining |
| 23:56 | Build | House |
| 23:56 | Build | House |
| 23:58 | Build | House |
| 23:59 | Build | House |
| 25:16 | Build | Lumber Camp |
| 25:18 | Build | Lumber Camp |
| 25:58 | Age | Castle Age |
| 26:13 | Build | Town Center |
| 26:15 | Build | Town Center |
| 26:21 | Build | Town Center |
| 26:28 | Build | Siege Workshop |
| 26:31 | Research | Bow Saw |
| 26:31 | Research | Heavy Plow |
| 26:33 | Research | Hand Cart |
| 26:36 | Build | House |
| 26:48 | Research | Stone Mining |
| 27:30 | Queue | Villager (Male) |
| 27:30 | Queue | Villager (Male) |
| 27:30 | Queue | Villager (Male) |
| 27:30 | Queue | Villager (Male) |
| 27:31 | Queue | Villager (Male) |
| 27:31 | Queue | Villager (Male) |
| 27:33 | Queue | Villager (Male) |
| 27:34 | Queue | Villager (Male) |
| 27:34 | Queue | Villager (Male) |
| 27:54 | Queue | Mangonel |
| 28:03 | Queue | Villager (Male) |
| 28:03 | Queue | Villager (Male) |
| 28:03 | Queue | Villager (Male) |
| 28:21 | Build | Farm |
| 28:22 | Build | Farm |
| 28:23 | Build | Farm |
| 28:27 | Queue | Villager (Male) |
| 28:27 | Queue | Villager (Male) |
| 28:28 | Queue | Villager (Male) |
Match timeline
| 2:03 | tekinbey · wall_segment Palisade Wall x1 |
| 7:57 | tekinbey · age_up feudal |
| 10:30 | ReginLeif · age_up feudal |
| 11:39 | tekinbey · wall_segment Palisade Wall x1 |
| 12:03 | tekinbey · wall_segment Palisade Wall x1 |
| 12:04 | tekinbey · wall_segment Palisade Wall x1 |
| 12:22 | ReginLeif · wall_segment Stone Wall x1 |
| 12:34 | tekinbey · wall_segment Palisade Wall x1 |
| 12:36 | tekinbey · wall_segment Palisade Wall x1 |
| 12:38 | tekinbey · wall_segment Palisade Wall x1 |
| 12:40 | tekinbey · wall_segment Palisade Wall x1 |
| 12:42 | tekinbey · wall_segment Palisade Wall x1 |
| 12:43 | tekinbey · wall_segment Palisade Wall x1 |
| 14:44 | ReginLeif · first_market_sell 100 wood |
| 15:38 | tekinbey · first_building Stable |
| 17:54 | ReginLeif · wall_segment Palisade Wall x2 |
| 17:55 | ReginLeif · wall_segment Palisade Wall x1 |
| 17:56 | ReginLeif · wall_segment Palisade Wall x1 |
| 21:15 | ReginLeif · first_market_buy 100 stone |
| 21:20 | ReginLeif · age_up castle |
| 21:22 | ReginLeif · first_building Castle |
| 21:37 | ReginLeif · wall_segment Stone Wall x1 |
| 21:38 | ReginLeif · wall_segment Stone Wall x1 |
| 22:01 | ReginLeif · first_building Monastery |
| 22:31 | ReginLeif · first_building Siege Workshop |
| 23:18 | tekinbey · first_market_sell 100 food |
| 25:58 | tekinbey · age_up castle |
| 26:28 | tekinbey · first_building Siege Workshop |
| 31:41 | tekinbey · first_building Monastery |
| 33:47 | tekinbey · first_building Castle |
| 35:30 | ReginLeif · first_building Barracks |
| 36:10 | ReginLeif · age_up imperial |
| 40:21 | tekinbey · age_up imperial |
| 42:56 | ReginLeif · wall_segment Stone Wall x1 |
| 42:57 | ReginLeif · wall_segment Stone Wall x1 |
| 42:58 | ReginLeif · wall_segment Stone Wall x1 |
| 46:50 | ReginLeif · wall_segment Stone Wall x1 |
| 46:51 | ReginLeif · wall_segment Stone Wall x1 |
| 46:55 | ReginLeif · wall_segment Stone Wall x1 |
| 46:56 | ReginLeif · wall_segment Stone Wall x1 |
| 52:26 | tekinbey · first_building Barracks |
| 52:35 | ReginLeif · wall_segment Stone Wall x1 |
| 52:37 | ReginLeif · wall_segment Stone Wall x1 |
| 52:43 | ReginLeif · wall_segment Stone Wall x1 |
| 53:02 | ReginLeif · wall_segment Stone Wall x1 |
| 53:47 | ReginLeif · wall_segment Stone Wall x1 |
| 53:49 | ReginLeif · wall_segment Stone Wall x1 |
| 53:49 | ReginLeif · wall_segment Stone Wall x1 |
| 56:31 | ReginLeif · wall_segment Stone Wall x1 |
| 56:33 | ReginLeif · wall_segment Stone Wall x1 |
| 58:23 | ReginLeif · first_building Archery Range |
| 60:27 | ReginLeif · wall_segment Stone Wall x1 |
| 60:28 | ReginLeif · wall_segment Stone Wall x1 |
| 60:29 | ReginLeif · wall_segment Stone Wall x1 |
| 60:30 | ReginLeif · wall_segment Stone Wall x1 |
| 60:33 | ReginLeif · wall_segment Stone Wall x1 |
| 63:28 | tekinbey · resign |
[ AI ANALYSIS · 1 CREDIT ]
What really happened in this match?
Wolo.gg analyzes every decision: build order, eco, micro, common mistakes by bracket. Personalized analysis on WhatsApp or Discord in 30 seconds.
Civ guide
Bohemians
Perfil
ReginLeif